 Dungeon Crawl Stone Soup version 0.20-a0-1014-g171fa7a (webtiles) character file.

7847 Fuzzwah the Cleaver (level 11, -4/95 HPs)
             Began as a Minotaur Berserker on Apr 14, 2017.
             Was a High Priest of Trog.
             Slain by a basilisk (12 damage)
             ... on level 10 of the Dungeon on Apr 15, 2017.
             The game lasted 00:38:47 (10999 turns).

Fuzzwah the Cleaver (Minotaur Berserker)           Turns: 10999, Time: 00:38:48

Health: -4/95      AC: 13    Str: 23    XL:     11   Next: 2%
Magic:  20/20      EV: 12    Int:  4    God:    Trog [*****.]
Gold:   479        SH:  0    Dex: 12    Spells: 10/10 levels left

rFire    . . .     SeeInvis .   M - +5 great sword (slice)
rCold    . . .     Gourm    +   (shield currently unavailable)
rNeg     + . .     Faith    .   n - +0 chain mail
rPois    .         Spirit   .   x - +0 hat
rElec    .         Reflect  .   q - +0 cloak
rCorr    .         Harm     .   (no gloves)
MR       .....                  (no boots)
Stlth    ..........             w - amulet of the gourmand {Gourm, !d}
Regen    0.3/turn               F - ring of magical power {MP+9}
MPRegen  0.2/turn               P - ring of positive energy {rN+}

@: exhausted, slowed, very slow
A: retaliatory headbutt, horns 2
a: Berserk, Trog's Hand, Brothers in Arms, Burn Spellbooks, Renounce Religion


You were on level 10 of the Dungeon.
You worshipped Trog.
Trog was extremely pleased with you.
You were not hungry.

You visited 1 branch of the dungeon, and saw 11 of its levels.

You collected 479 gold pieces.

Inventory:

Hand Weapons
 y - a +0 battleaxe
   (You took it off Blork the orc on level 6 of the Dungeon)
 M - a +5 great sword of slicing (weapon)
   (Trog gifted it to you on level 10 of the Dungeon)
Missiles
 g - 4 tomahawks of dispersal {=f}
 i - a steel javelin (quivered)
Armour
 h - a +0 buckler
   (You found it on level 4 of the Dungeon)
 l - the +1 scale mail of Atheism {rC- rN++ Int+5}
   (You found it on level 4 of the Dungeon)

   It affects your intelligence (+5).
   It makes you vulnerable to cold.
   It greatly protects you from negative energy.
 n - a +0 chain mail (worn)
   (You took it off an orc on level 3 of the Dungeon)
 q - a +0 cloak (worn)
   (You found it on level 4 of the Dungeon)
 x - a +0 hat (worn)
   (You found it on level 9 of the Dungeon)
Jewellery
 w - an amulet of the gourmand (around neck) {Gourm, !d}
   (You found it on level 9 of the Dungeon)
 F - a ring of magical power (left hand) {MP+9}
   (You found it on level 7 of the Dungeon)
 H - an uncursed ring of fire {rF+, rC-}
   (You found it on level 8 of the Dungeon)
 P - a ring of positive energy (right hand) {rN+}
   (You found it on level 10 of the Dungeon)
Wands
 s - a wand of random effects (26/48)
   (You took it off Ijyb on level 4 of the Dungeon)
 z - a wand of iceblast (11/15)
   (You found it on level 6 of the Dungeon)
 D - a wand of paralysis (10/24)
   (You found it on level 6 of the Dungeon)
 J - a wand of disintegration (5/24)
   (You found it on level 8 of the Dungeon)
 L - a wand of confusion (24/48)
   (You found it on level 8 of the Dungeon)
Scrolls
 a - a scroll of teleportation
 d - a scroll of remove curse
 f - 2 scrolls of fog
 j - 2 scrolls of magic mapping {!r}
 m - a scroll of blinking {!r}
 E - 2 scrolls of fear
 G - 2 scrolls of recharging
 Q - a scroll of amnesia {unknown}
Potions
 b - a potion of magic
 e - 2 potions of ambrosia
 k - 4 potions of lignification {!q}
 o - 4 potions of curing
 t - a potion of brilliance {unknown}
 v - 2 potions of mutation {!q}
 A - a potion of invisibility
 B - 2 potions of heal wounds
 I - 2 potions of haste
 K - a potion of flight
Books
 r - a book of Debilitation
   (You found it on level 5 of the Dungeon)
 N - a book of Necromancy
   (You found it on level 10 of the Dungeon)
 O - a book of Minor Magic
   (You found it on level 10 of the Dungeon)
Comestibles
 c - 2 bread rations {@e1}
 p - 12 meat rations {@e2}
 u - 10 royal jellies


   Skills:
 + Level 8.5 Fighting
 + Level 0.2 Long Blades
 * Level 11.8 Axes
 - Level 3.1 Throwing
 * Level 11.7 Armour
 + Level 7.5 Dodging
 + Level 2.1 Evocations


You had 10 spell levels left.
You didn't know any spells.

Dungeon Overview and Level Annotations

Branches:
Dungeon (11/15)            Temple (0/1) D:4             Orc (0/2) D:10
   Lair: D:8-11

Altars:
Ashenzari
Cheibriados
Elyvilon
Hepliaklqana
Kikubaaqudgha
Ru
Trog
The Shining One

Shops:
D:10 (


Innate Abilities, Weirdness & Mutations

You reflexively headbutt those who attack you in melee.
You have a pair of horns on your head.


Message History

The black bear claws you.
The black bear claws you but does no damage.
The wolf bites you.
The iguana bites you but does no damage.
The black bear bites you. The black bear closely misses you.
The black bear barely misses you. The basilisk gazes at you.
Your limbs have turned to stone.
The wolf bites you but does no damage. The iguana closely misses you.
The black bear bites you.
The black bear claws you but does no damage.
The black bear barely misses you. The basilisk gazes at you.
Your limbs have turned to stone.
The wolf bites you.
You have turned to stone.
The wolf bites you but does no damage.
The iguana hisses menacingly.
The iguana bites you.
The basilisk bites you but does no damage.
The black bear completely misses you. The black bear claws you. x2
The wolf bites you. The wolf bites you but does no damage.
The iguana hisses menacingly.
The iguana bites you!
The black bear bites you but does no damage.
The black bear claws you but does no damage. x2
The basilisk bites you but does no damage.
The wolf bites you. The iguana bites you! The basilisk gazes at you.
You resist with some effort. The black bear bites you.
The black bear claws you. x2; The wolf bites you but does no damage.
The wolf completely misses you. The iguana bites you!
The basilisk bites you but does no damage.
The black bear bites you.
The black bear claws you but does no damage. x2
The wolf bites you but does no damage. The wolf bites you but does no damage.
The iguana bites you but does no damage.
The black bear bites you but does no damage.
The black bear claws you.
The black bear claws you but does no damage.
The basilisk bites you but does no damage.
The wolf bites you but does no damage. The iguana bites you.
The wolf bites you but does no damage.
The black bear bites you but does no damage.
The black bear claws you but does no damage. x2
The basilisk gazes at you. You resist with some effort.
The wolf completely misses you. The iguana bites you.
The basilisk hisses menacingly.
The basilisk bites you but does no damage.
The black bear bites you.
The black bear claws you but does no damage. x2
The wolf bites you! The wolf bites you but does no damage.
The iguana bites you. The black bear bites you.
The black bear claws you but does no damage. x2
The basilisk gazes at you. The wolf bites you but does no damage.
The iguana bites you. The wolf bites you.
* * * LOW HITPOINT WARNING * * *
The black bear bites you but does no damage.
The black bear claws you but does no damage. x2
The basilisk bites you but does no damage.
You turn to flesh and can move again.
You take 37 damage, and have 28/95 hp.
MASSIVE DAMAGE!!
You closely miss the basilisk. You headbutt the basilisk!
The wolf barely misses you. x2; The iguana completely misses you.
You riposte.
Your chain mail prevents you from hitting the iguana.
The basilisk bites you.
* * * LOW HITPOINT WARNING * * *
The wolf bites you but does no damage. The black bear bites you.
* * * LOW HITPOINT WARNING * * *
The black bear claws you but does no damage.
The black bear closely misses you. The iguana bites you.
* * * LOW HITPOINT WARNING * * *
The wolf barely misses you.
The black bear bites you but does no damage.
The black bear claws you but does no damage.
The black bear completely misses you. The basilisk gazes at you.
You resist with some effort. The iguana closely misses you.
You furiously retaliate!
You headbutt the iguana, but do no damage.
You take 10 damage, and have 18/95 hp.
You slice the basilisk!! The wolf bites you.
* * * LOW HITPOINT WARNING * * *
The wolf closely misses you. The basilisk bites you.
* * * LOW HITPOINT WARNING * * *
The black bear bites you but does no damage.
The black bear claws you but does no damage.
The black bear claws you.
* * * LOW HITPOINT WARNING * * *
The wolf barely misses you.
You riposte.
You barely miss the wolf. You headbutt the wolf!
You kill the wolf!
Trog accepts your kill. The iguana bites you!
* * * LOW HITPOINT WARNING * * *
The basilisk bites you!
You die...

#...#....)# #.#.#######.#
#.#.#....## #.#.# #.#######
#.....#..# #...# #.#....<#
#.###.#.#####...# #.##.####
................# #.##.#
#...............#######.##)#
#####.(.#####........##.##.#
#...# #.#.†##.###.##.# #...#
#.#h@##.# #.##.# #####...#
#.#ll##.# #.##.# ......#.#
#.#..##.# #.##.### #######.#
#.#..##.# #.##.#.# #.#
#.#..##.# #.##...# #.#
#.#..##.# #.##.#.# #.#
#.#..##.# #.####.# #.#
#.#..##.###....#.#
#.#####.#..#......<#.#.#


You could see a basilisk, a black bear and an iguana.

Vanquished Creatures
  Fannar (D:10)
  A centaur zombie (D:10)
  A queen bee (D:8)
  A hippogriff (D:8)
  Sigmund (D:6)
  A wraith (D:10)
  A wyvern (D:10)
  Eustachio (D:6)
  2 hungry ghosts
  An ice beast (D:5)
  A swamp drake (D:10)
  4 orc warriors
  An eye of draining (D:9)
  2 phantoms
  A sky beast (D:8)
  4 ogres
  A wolf (D:10)
  6 centaurs
  10 bullfrogs
  A big kobold (D:10)
  Blork the orc (D:6)
  A gnoll sergeant (D:9)
  3 scorpions
  19 killer bees (D:8)
  An electric eel (D:7)
  2 howler monkeys (D:8)
  4 crimson imps
  A bullfrog zombie (D:10)
  3 hounds
  2 jellies
  A bullfrog skeleton (D:8)
  2 centaur skeletons
  10 orc priests
  4 iguanas
  Ijyb (D:4)
  14 orc wizards
  9 worker ants
  Robin (D:2)
  12 gnolls
  2 worker ant zombies
  16 adders
  2 shadow imps
  3 oozes
  An adder zombie (D:4)
  3 worms
  2 dart slugs
  2 leopard geckos
  39 orcs
  8 bats
  3 giant cockroaches
  16 goblins
  13 hobgoblins
  9 kobolds
  6 quokkas
  A ball python (D:5)
  3 frilled lizards
  A leopard gecko skeleton (D:6)
  3 rats
266 creatures vanquished.

Vanquished Creatures (others)
  Psyche (D:8)
  A plant (D:11)
2 creatures vanquished.

Grand Total: 268 creatures vanquished

Notes
Turn   | Place    | Note
-------+----------+-------------------------------------------
     0 | D:1      | Fuzzwah the Minotaur Berserker began the quest for the Orb.
     0 | D:1      | Reached XP level 1. HP: 19/19 MP: 0/0
   221 | D:1      | Reached skill level 3 in Armour
   221 | D:1      | HP: 4/19 [kobold/short sword (5)]
   224 | D:1      | Reached XP level 2. HP: 3/26 MP: 1/1
   552 | D:1      | Reached skill level 4 in Axes
   812 | D:1      | HP: 6/27 [goblin (2)]
  1254 | D:2      | Reached XP level 3. HP: 33/33 MP: 2/2
  1263 | D:2      | Noticed Robin
  1287 | D:2      | Killed Robin
  1406 | D:2      | Reached ** piety under Trog
  1488 | D:2      | Reached skill level 4 in Fighting
  1503 | D:2      | Found a sacrificial altar of Ru.
  1589 | D:2      | Reached XP level 4. HP: 37/40 MP: 3/3
  2193 | D:3      | Reached skill level 4 in Armour
  2334 | D:3      | Reached skill level 3 in Dodging
  2594 | D:3      | Reached XP level 5. HP: 16/46 MP: 4/4
  2860 | D:3      | Reached skill level 5 in Axes
  2894 | D:3      | Found a white marble altar of Elyvilon.
  3218 | D:4      | Reached skill level 5 in Armour
  3274 | D:4      | Found a staircase to the Ecumenical Temple.
  3299 | D:4      | Reached XP level 6. HP: 38/53 MP: 5/5
  3300 | D:4      | Got a pitted scale mail
  3315 | D:4      | Identified the cursed +1 scale mail of Atheism {rC- rN++ Int+5} (You found it on level 4 of the Dungeon)
  3623 | D:4      | Reached *** piety under Trog
  3661 | D:4      | Noticed Ijyb
  3671 | D:4      | Killed Ijyb
  3671 | D:4      | Reached skill level 6 in Axes
  3834 | D:4      | Found a glowing golden altar of the Shining One.
  4077 | D:5      | Entered Level 5 of the Dungeon
  4154 | D:5      | Reached skill level 5 in Fighting
  4154 | D:5      | Reached XP level 7. HP: 53/61 MP: 6/6
  4405 | D:5      | Reached skill level 6 in Armour
  4417 | D:5      | Found a shattered altar of Ashenzari.
  4417 | D:5      | Found a bloodstained altar of Trog.
  4430 | D:5      | Found a glowing golden altar of the Shining One.
  4432 | D:5      | Found a snail-covered altar of Cheibriados.
  4434 | D:5      | Found a faded altar of an unknown god.
  4736 | D:5      | HP: 11/61 [ice beast (15)]
  4738 | D:5      | Reached skill level 7 in Axes
  4738 | D:5      | Reached skill level 4 in Dodging
  5077 | D:6      | Noticed Blork the orc
  5084 | D:6      | Killed Blork the orc
  5108 | D:6      | Reached XP level 8. HP: 68/69 MP: 7/7
  5110 | D:6      | Reached skill level 7 in Armour
  5357 | D:6      | Noticed Eustachio
  5373 | D:6      | Killed Eustachio
  5373 | D:6      | Reached skill level 6 in Fighting
  5373 | D:6      | Reached skill level 8 in Axes
  5570 | D:6      | Reached skill level 5 in Dodging
  5836 | D:6      | Reached **** piety under Trog
  5862 | D:6      | Reached skill level 8 in Armour
  5880 | D:6      | Noticed Sigmund
  5893 | D:6      | Killed Sigmund
  5893 | D:6      | Reached skill level 9 in Axes
  6281 | D:7      | Reached XP level 9. HP: 78/78 MP: 8/8
  6296 | D:7      | HP: 19/78 [poisoned by an orc]
  6301 | D:7      | HP: 11/78 [poisoned by an orc]
  6307 | D:7      | HP: 10/78 [poisoned by an orc]
  6314 | D:7      | HP: 9/78 [poisoned by an orc]
  6322 | D:7      | HP: 9/78 [poisoned by an orc]
  7110 | D:7      | Reached skill level 9 in Armour
  7653 | D:7      | Received a gift from Trog
  7653 | D:7      | Reached skill level 7 in Fighting
  7710 | D:8      | Killed Psyche
  7752 | D:8      | Noticed a queen bee
  7759 | D:8      | Killed a queen bee
  7759 | D:8      | Reached skill level 1 in Throwing
  7759 | D:8      | Reached skill level 6 in Dodging
  7764 | D:8      | Reached skill level 10 in Axes
  7768 | D:8      | Reached skill level 10 in Armour
  7775 | D:8      | Upgraded the game from 0.20-a0-1008-g0de3dc5 to 0.20-a0-1014-g171fa7a
  7924 | D:8      | Reached skill level 2 in Throwing
  8078 | D:8      | Reached XP level 10. HP: 84/86 MP: 9/9
  8783 | D:8      | Found a hazy altar of Hepliaklqana.
  8785 | D:8      | Found an ancient bone altar of Kikubaaqudgha.
  9146 | D:9      | Reached skill level 3 in Throwing
  9242 | D:9      | Reached skill level 8 in Fighting
  9279 | D:9      | Reached ***** piety under Trog
  9316 | D:9      | Reached skill level 11 in Armour
  9371 | D:9      | Reached skill level 11 in Axes
  9561 | D:9      | Reached skill level 1 in Evocations
  9714 | D:9      | Reached skill level 7 in Dodging
  9785 | D:10     | Entered Level 10 of the Dungeon
  9854 | D:10     | Noticed Fannar
  9876 | D:10     | Killed Fannar
 10160 | D:10     | Found Fatek's Weapon Shoppe.
 10322 | D:10     | Found a staircase to the Orcish Mines.
 10347 | D:10     | Reached skill level 2 in Evocations
 10376 | D:10     | Received a gift from Trog
 10861 | D:10     | Reached XP level 11. HP: 95/95 MP: 11/11
 10985 | D:11     | Noticed a green ugly thing
 10998 | D:10     | HP: 21/95 [black bear (4)]
 10999 | D:10     | HP: 8/95 [iguana (7)]
 10999 | D:10     | Slain by a basilisk

Vault maps used:
D:1:      elethiomel_arrival_infinity_welcomes_careful_drivers
D:2:      nicolae_ru_awakened_eye, uniq_robin
D:3:      elyvilon_altar_3, corexii_item_surrounded_by_moat
D:4:      minmay_temple_entry_glass, first_bread, nicolae_tso_carved_into_rock,
          uniq_iyjb
D:5:      chequers_temple_overflow_minitemple
D:6:      st_stairs_12, kennysheep_small_circle, uniq_sigmund,
          uniq_blork_the_orc, uniq_eustachio
D:7:      minivault_14
D:8:      lemuel_ice_spiral_2, minitemple, david_nohive_1, zaba_anthole,
          uniq_psyche
D:9:      kennysheep_nub, hangedman_decor_lopped, centaur_isle
D:10:     erik_orc_1, serial_shops, kennysheep_mini_moat, uniq_fannar
D:11:     minmay_lair_entry_grove, basic_altar, jmf_multi_god_temple2,
          uniq_harold

Skill      XL: |  1  2  3  4  5  6  7  8  9 10 |
---------------+-------------------------------+-----
Armour         | 3 4 5 6 8 10 11 | 11.7
Axes           | 4 5 6 7 9 10 11 | 11.8
Fighting       | 4 5 6 7 8 |  8.5
Dodging        | 3 4 5 6 7 |  7.5
Throwing       | 2 3 |  3.1
Evocations     | 2 |  2.1
Long Blades    | |  0.2

Action                   |  1- 3 |  4- 6 |  7- 9 | 10-12 || total
-------------------------+-------+-------+-------+-------++-------
Melee: Hand axe          |    94 |       |       |       ||    94
       Headbutt          |    13 |    29 |    48 |    56 ||   146
       Mace              |    14 |    33 |       |       ||    47
       War axe           |       |   117 |   237 |   209 ||   563
       Great sword       |       |       |       |    22 ||    22
Throw: Javelin           |       |       |    20 |    79 ||    99
Invok: Berserk           |       |     1 |     3 |     2 ||     6
Evoke: Wand              |       |       |       |     2 ||     2
  Use: Scroll            |       |     9 |     1 |     8 ||    18
 Stab: Confused          |       |       |       |     4 ||     4
  Eat: Chunk             |     2 |     9 |     9 |       ||    20
       Fruit             |       |       |     4 |       ||     4
       Meat ration       |       |       |     1 |       ||     1
       Bread ration      |       |       |       |     3 ||     3
Armor: Animal skin       |    14 |       |       |       ||    14
       Ring mail         |    13 |    11 |       |       ||    24
       Chain mail        |       |    27 |       |   142 ||   169
       Scale mail        |       |    30 |    81 |    51 ||   162
Dodge: Dodged            |    63 |    62 |   137 |   170 ||   432
Block: Buckler           |       |     8 |    38 |    35 ||    81
       Rpst.: Great sword |       |       |       |     8 ||     8

Vault maps used:
D:1:      elethiomel_arrival_infinity_welcomes_careful_drivers
D:2:      nicolae_ru_awakened_eye, uniq_robin
D:3:      elyvilon_altar_3, corexii_item_surrounded_by_moat
D:4:      minmay_temple_entry_glass, first_bread, nicolae_tso_carved_into_rock,
          uniq_iyjb
D:5:      chequers_temple_overflow_minitemple
D:6:      st_stairs_12, kennysheep_small_circle, uniq_sigmund,
          uniq_blork_the_orc, uniq_eustachio
D:7:      minivault_14
D:8:      lemuel_ice_spiral_2, minitemple, david_nohive_1, zaba_anthole,
          uniq_psyche
D:9:      kennysheep_nub, hangedman_decor_lopped, centaur_isle
D:10:     erik_orc_1, serial_shops, kennysheep_mini_moat, uniq_fannar
D:11:     minmay_lair_entry_grove, basic_altar, jmf_multi_god_temple2,
          uniq_harold

Table legend:
 A = Turns spent in this place as a percentage of turns spent in the entire game.
 B = Non-inter-level travel turns spent in this place as a percentage of non-inter-level travel turns spent in the entire game.
 C = Inter-level travel turns spent in this place as a percentage of turns spent in this place.
 D = Turns resting spent in this place as a percentage of non-inter-level travel turns spent in this place.
 E = Turns spent auto-exploring this place as a percentage of non-inter-level travel turns spent in this place.
 F = Non-inter-level travel turns spent in this place divided by the number of levels of this place that you've seen.
                   A       B       C       D       E      F
               +-------+-------+-------+-------+-------+----------------------
         Total | 100.0 | 100.0 |   0.8 |   3.8 |  15.7 | 178.1
       Dungeon | 100.0 | 100.0 |   0.8 |   3.8 |  15.7 | 178.1
               +-------+-------+-------+-------+-------+----------------------

Table legend:
 A = Kills in this place as a percentage of kills in entire the game.
 B = Kills by you in this place as a percentage of kills by you in the entire game.
 C = Kills by friends in this place as a percentage of kills by friends in the entire game.
 D = Other kills in this place as a percentage of other kills in the entire game.
 E = Experience gained in this place as a percentage of experience gained in the entire game.
 F = Experience gained in this place divided by the number of levels of this place that you have seen.
                   A       B       C       D       E      F
               +-------+-------+-------+-------+-------+----------------------
         Total | 100.0 | 100.0 |  -nan |  -nan | 100.0 | 1019.2
       Dungeon | 100.0 | 100.0 |  -nan |  -nan | 100.0 | 1019.2
               +-------+-------+-------+-------+-------+----------------------
